 Seeded DCSS version 0.30-a0-613-gdd512c7efb (webtiles) character file.

Game seed: 2050236378858804499 (custom seed)

5945 purpskrrrp the Carver (level 10, -22/82 HPs)
             Began as a Demonspawn Gladiator on Jan 8, 2023.
             Was an Initiate of Gozag.
             Killed by an exploding kobold demonologist (35 damage)
             ... ignited by their inner flame
             ... on level 9 of the Dungeon on Jan 9, 2023.
             The game lasted 00:18:45 (9021 turns).

purpskrrrp the Carver (Demonspawn Gladiator)        Turns: 9021, Time: 00:18:46

Health: -22/82     AC: 13    Str: 16    XL:     10   Next: 54%
Magic:  0/19       EV:  8    Int:  9    God:    Gozag
Gold:   383        SH:  0    Dex: 23    Spells: 9/9 levels left

rFire   . . .      SeeInvis .    K - +3 scimitar (freeze)
rCold   . . .      Faith    .    (no shield)
rNeg    . . .      Spirit   +    H - +0 plate armour {Will+}
rPois   .          Reflect  .    (helmet restricted)
rElec   .          Harm     .    n - +0 cloak
rCorr   +          Rampage  .    Q - +0 pair of gloves {Str+3}
Will    +....                    (no boots) Stlth
                                 L - amulet of guardian spirit
HPRegen 0.33/turn                x - ring of resist corrosion
MPRegen 0.16/turn                h - ring of magical power

@: weak-willed, gold aura
A: horns 2, rugged brown scales 1, powered by death 2, spiny 1, agile 1,
strong-willed 1
a: Renounce Religion, Potion Petition, Call Merchant, Bribe Branch


You were on level 9 of the Dungeon.
You worshipped Gozag.
Gozag was aware of your devotion.
You visited 2 branches of the dungeon, and saw 10 of its levels.
You also visited: Sewer.

You collected 911 gold pieces.
You spent 407 gold pieces at shops.
You paid 121 gold pieces to Gozag.

Inventory:

Hand Weapons
 a - a +0 long sword of freezing
 K - a +3 scimitar of freezing (weapon)
Missiles
 C - a javelin
 I - 2 curare-tipped darts
Armour
 b - a +0 leather armour
 c - a +0 helmet
 n - a +0 cloak (worn)
 A - a +0 kite shield
 H - a +0 plate armour of willpower (worn)
 J - a +0 robe
 Q - a +0 pair of gloves of strength (worn)
Jewellery
 g - an amulet of the acrobat
 h - a ring of magical power (right hand)
 s - a ring of ice
 x - a ring of resist corrosion (left hand)
 E - a ring of flight
 L - an amulet of guardian spirit (around neck)
Wands
 e - a wand of roots (5)
 P - a wand of flame (24)
Scrolls
 d - a scroll of fear {unknown}
 i - 2 scrolls of immolation
 j - 2 scrolls of magic mapping
 l - 8 scrolls of teleportation {unknown}
 m - 2 scrolls of noise {unknown}
 r - 2 scrolls of silence {unknown}
 t - 3 scrolls of enchant armour {unknown}
 u - 3 scrolls of poison {unknown}
 v - a scroll of fog {unknown}
 y - 3 scrolls of amnesia {unknown}
 R - a scroll of identify
Potions
 f - a potion of ambrosia
 k - a potion of mutation
 o - 3 potions of flight
 p - 2 potions of might
 w - 2 potions of curing
 z - a potion of degeneration
 B - 3 potions of cancellation
 D - 2 potions of resistance
 F - 3 potions of invisibility
 G - a potion of magic {unknown}
 N - a potion of lignification
 O - 3 potions of heal wounds
 S - a potion of brilliance {unknown}


   Skills:
 + Level 8.3 Fighting
 * Level 10.7 Long Blades
 - Level 1.7 Throwing
 + Level 7.8 Dodging


You had 9 spell levels left.
You didn't know any spells.
Your spell library contained the following spells:

 Spells                   Type           Power      Damage    Failure   Level
 Sting                    Tmut/Pois      0%         1d3       100%        1
 Ensorcelled Hibernation  Hex/Ice        0%         N/A       100%        2
 Poisonous Vapours        Pois/Air       0%         N/A       100%        2
 Hailstorm                Conj/Ice       0%         3d3       100%        3
 Ozocubu's Armour         Ice            0%         N/A       100%        3
 Spider Form              Tmut/Pois      0%         N/A       100%        3
 Anguish                  Hex/Necr       0%         N/A       100%        4
 Ice Form                 Ice/Tmut       0%         N/A       100%        4
 Olgreb's Toxic Radiance  Pois           0%         N/A       100%        4
 Ozocubu's Refrigeration  Ice            0%         4d7       100%        7
 Simulacrum               Ice/Necr       Unusable   N/A       N/A         6

Dungeon Overview and Level Annotations

Branches:
Dungeon (9/15)             Temple (1/1) D:5           Sewer (visited)
   Lair: D:8-11         Orc: D:9-12

Altars:
Ashenzari
Cheibriados
Dithmenos
Fedhas
Gozag
Hepliaklqana
Kikubaaqudgha
Makhleb
Nemelex Xobeh
Okawaru
Qazlal
Ru
Sif Muna
Trog
Uskayaw
Vehumet
Wu Jian
Xom
Yredelemnul

Shops:
D:3 [*[?!   D:9 (

Annotations:
D:7 3 runed translucent doors, Newt's ghost, novice DsGl


Innate Abilities, Weirdness & Mutations

You have a pair of horns on your head.
You are partially covered in rugged brown scales. (AC +1, +3% HP)
You regenerate health from kills.
You are partially covered in sharp spines.
You are agile. (Dex +4, Str/Int -1)
You are strong-willed. (Will+)


Message History

The kobold demonologist looks braver for a moment.
The kobold brigand is struck by your spines.
The kobold brigand hits you with a +0 short sword.
The kobold demonologist closely misses you.
As you read the scroll labelled JEOWAIRU MIFRUU, it crumbles to dust.
The creatures around you are filled with an inner flame!
It was a scroll of immolation.
The ufetubus barely misses you. x2
The ufetubus misses you. The ufetubus barely misses you.
The ufetubus is struck by your spines.
Flame seeps out of the ufetubus.
The ufetubus barely misses you.
The ufetubus hits you but does no damage.
The kobold brigand barely misses you.
The kobold demonologist hits you but does no damage.
As you read the scroll labelled SOADUOKHLUJ, it crumbles to dust.
You feel aware of your surroundings.
It was a scroll of magic mapping.
The ufetubus is engulfed in blazing flames.
The ufetubus disappears in a puff of smoke!
The ufetubus explodes!
The fiery explosion engulfs the crimson imp.
The crimson imp completely resists.
The fiery explosion engulfs the ufetubus!!!
The ufetubus is burned terribly!
The ufetubus disappears in a puff of smoke!
The fiery explosion engulfs the ynoxinul!!!
The ynoxinul disappears in a puff of smoke!
The ufetubus disappears in a puff of smoke! x3
The fiery explosion engulfs you!!
The ynoxinul explodes!
The fiery explosion engulfs you!!
* * * LOW HITPOINT WARNING * * *
The fiery explosion engulfs the kobold brigand!!!
The fiery explosion engulfs the crimson imp.
The crimson imp completely resists.
The fiery explosion engulfs the kobold demonologist!!
The white imp disappears in a puff of smoke! x2
The crimson imp disappears in a puff of smoke!
The kobold demonologist explodes!
The fiery explosion engulfs you!!!
You die...
Your body crumbles into a pile of gold.

....# *** ....# *,* ....# *,*
....# *,* ....# #,* ##########
....# #.* #........# ....#
#.###§.......# ######
#...§○§......# .....#
#.$.§§@####### .....# #...§§§##
.....# #...§§4K#
.....#######...4#§#
.....'......###.#§# **###
.....######.# #.#K# **o÷.#*
#....# #.# ###5## **Ko÷..**
#....######.####.5.####5K5...,*
#...:.....#.').÷..÷÷..KK5K5.?,*


You could see an ice devil (summoned, inner flame), a kobold demonologist (inner
flame) and a chaos spawn (summoned, inner flame).

Vanquished Creatures
  2 kobold demonologists (D:9)
  2 trolls (D:9)
  Grinder (Sewer)
  A hornet (D:8)
  Sigmund (D:6)
  Eustachio (D:5)
  A wyvern (D:8)
  Menkaure (D:5)
  A steam dragon (D:5)
  An acid dragon (D:9)
  A water moccasin (D:9)
  A sky beast (D:8)
  An orc warrior (D:6)
  2 ice beasts
  4 ogres
  3 black bears
  4 centaurs
  A phantom (D:5)
  5 kobold brigands
  4 bullfrogs
  2 scorpions
  9 wights
  11 killer bees (D:9)
  A vampire bat (D:5)
  A howler monkey (D:9)
  2 quasits (Sewer)
  2 hounds
  2 orc priests (D:6)
  A jelly (D:8)
  Crazy Yiuf (D:4)
  A gnoll bouda (D:6)
  Jessica (D:3)
  Ijyb (D:4)
  4 iguanas
  3 orc wizards
  5 gnolls (D:6)
  4 adders
  5 shadow imps (Sewer)
  2 white imps
  2 ufetubi
  8 worms
  2 dart slugs
  3 fire bats (D:5)
  18 orcs
  2 spectral bats (D:5)
  10 ball pythons
  17 bats
  3 bat skeletons (D:5)
  2 bat zombies
  6 endoplasms
  3 giant cockroaches
  7 goblins
  11 hobgoblins
  4 quokkas
  A bat simulacrum (D:5)
  2 frilled lizards (D:3)
  41 kobolds
  6 rats
244 creatures vanquished.

Vanquished Creatures (others)
  A wizard (D:9)
1 creature vanquished.

Grand Total: 245 creatures vanquished

Notes
Turn   | Place    | Note
-------+----------+-------------------------------------------
     0 | D:1      | purpskrrrp the Demonspawn Gladiator began the quest for the
                  | Orb.
     0 | D:1      | Reached XP level 1. HP: 16/16 MP: 1/1
   153 | D:1      | Reached skill level 3 in Long Blades
   157 | D:1      | Gained mutation: You regenerate a little health from kills.
                  | [demonic ancestry]
   157 | D:1      | Reached XP level 2. HP: 21/22 MP: 2/2
   231 | D:1      | Found a faded altar of an unknown god.
  1162 | D:2      | Gained mutation: You regenerate health from kills. [demonic
                  | ancestry]
  1162 | D:2      | Reached XP level 3. HP: 28/28 MP: 3/3
  1464 | D:2      | Found a sparkling altar of Nemelex Xobeh.
  1825 | D:3      | Found Hekhlu Weij's Magic Scroll Shoppe.
  1882 | D:3      | Bought a scroll of brand weapon for 95 gold pieces
  1886 | D:3      | Found Jusuebe's Distillery.
  1944 | D:3      | Found Noihech's Armour Shop.
  1984 | D:3      | Found Cifuh's Assorted Antiques.
  1987 | D:3      | Found Ceocoff's Antique Armour Emporium.
  1991 | D:3      | Gained mutation: You have a pair of small horns on your
                  | head. [demonic ancestry]
  1991 | D:3      | Reached XP level 4. HP: 34/34 MP: 4/4
  2051 | D:3      | Noticed Jessica
  2064 | D:3      | Killed Jessica
  2233 | D:3      | Reached skill level 4 in Long Blades
  2554 | D:4      | Noticed a black bear
  2775 | D:4      | Found a shimmering blue altar of Sif Muna.
  2895 | D:4      | Gained mutation: You are partially covered in rugged brown
                  | scales. (AC +1, +3% HP) [demonic ancestry]
  2895 | D:4      | Reached XP level 5. HP: 35/42 MP: 5/5
  2932 | D:4      | Killed a black bear
  3036 | D:4      | Found a stormy altar of Qazlal.
  3086 | D:4      | Noticed Ijyb
  3091 | D:4      | Killed Ijyb
  3092 | D:4      | Reached XP level 6. HP: 38/48 MP: 6/6
  3339 | D:4      | Found a runed translucent door.
  3340 | D:4      | Noticed Crazy Yiuf
  3345 | D:4      | Killed Crazy Yiuf
  3386 | D:5      | Entered Level 5 of the Dungeon
  3444 | D:5      | Reached skill level 5 in Long Blades
  3448 | D:5      | Found a staircase to the Ecumenical Temple.
  3473 | D:5      | Gained mutation: You are partially covered in sharp spines.
                  | [demonic ancestry]
  3473 | D:5      | Reached XP level 7. HP: 40/55 MP: 7/7
  3483 | Temple   | Entered the Ecumenical Temple
  3531 | D:5      | Found a glowing drain.
  3567 | Sewer    | Entered a sewer
  3689 | Sewer    | Found a burning altar of Makhleb.
  3763 | Sewer    | Reached skill level 6 in Long Blades
  3881 | Sewer    | Noticed Grinder
  3905 | Sewer    | Killed Grinder
  4166 | D:5      | Reached skill level 5 in Fighting
  4166 | D:5      | Reached skill level 5 in Dodging
  4166 | D:5      | Reached XP level 8. HP: 63/63 MP: 8/8
  4170 | D:5      | Found a sparkling altar of Nemelex Xobeh.
  4259 | D:5      | Noticed Eustachio
  4309 | D:5      | Killed Eustachio
  4507 | D:5      | Reached skill level 7 in Long Blades
  4575 | D:5      | Found an ancient bone altar of Kikubaaqudgha.
  4582 | D:5      | Noticed Menkaure
  4623 | D:5      | Killed Menkaure
  5265 | D:5      | Reached skill level 8 in Long Blades
  5290 | D:5      | Gained mutation: You have a pair of horns on your head.
                  | [demonic ancestry]
  5290 | D:5      | Reached XP level 9. HP: 16/71 MP: 9/9
  5934 | D:6      | Noticed Sigmund
  5940 | D:6      | Killed Sigmund
  6106 | D:6      | Reached skill level 9 in Long Blades
  6491 | D:7      | Found a snail-covered altar of Cheibriados.
  6509 | D:7      | Found an opulent altar of Gozag.
  6517 | D:7      | Became a worshipper of Gozag Ym Sagoz the Greedy
  6535 | D:7      | Identified the +10 mace "Jiso" {heavy, Dex+3}
  6721 | D:7      | Noticed Newt's ghost (novice DsGl)
  6727 | D:7      | Found a runed translucent gate.
  6727 | D:7      | Found a runed translucent gate.
  6745 | D:7      | Found a runed translucent gate.
  7402 | D:8      | Reached XP level 10. HP: 81/81 MP: 10/10
  7536 | D:8      | Found a hazy altar of Hepliaklqana.
  7973 | D:8      | Found a shimmering altar of Xom.
  8161 | D:3      | Bought a pair of glowing gloves for 202 gold pieces
  8170 | D:3      | Gained mutation: You are frail. (-10% HP) [potion of
                  | mutation]
  8170 | D:3      | Gained mutation: Your flesh is heat resistant. (rF+)
                  | [potion of mutation]
  8171 | D:3      | Lost mutation: You are frail. (-10% HP) [potion of
                  | mutation]
  8171 | D:3      | Lost mutation: Your flesh is heat resistant. (rF+) [potion
                  | of mutation]
  8171 | D:3      | Gained mutation: You are agile. (Dex +4, Str/Int -1)
                  | [potion of mutation]
  8171 | D:3      | Gained mutation: You are strong-willed. (Will+) [potion of
                  | mutation]
  8192 | D:3      | Bought a potion of heal wounds for 55 gold pieces
  8192 | D:3      | Bought a potion of heal wounds for 55 gold pieces
  8283 | D:9      | Reached skill level 10 in Long Blades
  8320 | D:9      | Found Wuojet's Antique Weapon Boutique.
  8753 | D:9      | Found a bloodstained altar of Trog.
  8754 | D:9      | Noticed a wizard
  8760 | D:9      | Killed a wizard
  8987 | D:9      | Found the +7 Throatcutter {drain, coup de grace}
  9021 | D:9      | Killed by an exploding kobold demonologist... ignited by
                  | their inner flame

Illustrated notes

Levels and vault maps discovered:
D:1:      lightli_arrival_maybe_door_vault, layout_basic,
          shapermc_ecumenical_altar_pompeii, chequers_serial_rivers_micro_e,
          minmay_shallow_snake_nest
D:2:      layout_basic, basic_altar, minivault_26, hangedman_decor_points,
          kennysheep_nub, feat_on_display
D:3:      layout_basic, serial_shops, nicolae_diamond_shop, nicolae_square_shop,
          shop, shop, shop, uniq_jessica
D:4:      minmay_opposing_rooms, layout_basic, mainiacjoe_overflow_boulevard,
          mainiacjoe_overflow_24_doors, mainiacjoe_overflow_chevrons,
          kennysheep_little_box, amcnicky_mini_pool_small,
          uniq_crazy_yiuf_cottage, uniq_ijyb
D:5:      layout_loops_ring, lemuel_doored_altar, general_overflow_altar,
          minmay_temple_entry_tees, cheibrodos_sewer_entry_bend, goddamned_bats,
          uniq_menkaure, uniq_eustachio
D:6:      layout_basic, serial_corexii_hall, corexii_hall_statues_deadend,
          corexii_hall_statues_s, nicolae_fountain_basement, uniq_sigmund
D:7:      layout_basic, mainiacjoe_overflow_large_starburst,
          gammafunk_ghost_split, grunt_decor_arrowhead
D:8:      layout_loops_ring, mainiacjoe_overflow_catwalk,
          lemuel_coloured_pillars_altar
D:9:      layout_basic, trog_wizard, serial_shops, shop,
          dilly_guarded_unrand_throatcut
Temple:   minmay_freezing_vapour_temple

Skill      XL: |  1  2  3  4  5  6  7  8  9 10 |
---------------+-------------------------------+-----
Long Blades    | 3 4 5 6 8 9 10 | 10.7
Dodging        | 3 4 5 6 7 |  7.8
Fighting       | 3 4 5 6 7 8 |  8.3
Throwing       | |  1.7

Action                   |  1- 3 |  4- 6 |  7- 9 | 10-12 || total
-------------------------+-------+-------+-------+-------++-------
Melee: Long sword        |   123 |    88 |   203 |       ||   414
       Punch             |     1 |     2 |     2 |     1 ||     6
       Headbutt          |       |    19 |    46 |    16 ||    81
       Scimitar          |       |       |    73 |    79 ||   152
Throw: Throwing net      |       |     3 |     1 |       ||     4
       Javelin           |       |       |     4 |       ||     4
       Dart              |       |       |     1 |       ||     1
Evoke: Wand              |       |       |     4 |       ||     4
  Use: Scroll            |     1 |       |     8 |     8 ||    17
       Potion            |       |       |     5 |     2 ||     7
 Stab: Sleeping          |     2 |     2 |     1 |       ||     5
       Held in net/web   |       |     1 |       |       ||     1
       Distracted        |       |       |     1 |     2 ||     3
Armor: Leather armour    |    55 |    19 |    81 |       ||   155
       Plate armour      |       |       |    50 |    41 ||    91
Dodge: Dodged            |    92 |    54 |   236 |    35 ||   417

Table legend: (Time is in decaauts)
 A = Elapsed time spent in this place.
 B = Non-inter-level travel time spent in this place.
 C = Inter-level travel time spent in this place.
 D = Time resting spent in this place.
 E = Time spent auto-exploring this place.
 F = Levels seen in this place.
 G = Mean time per level.
                   A        B        C        D        E       F      G
               +--------+--------+--------+--------+--------+-----+--------+
         Total |   9062 |   8425 |    637 |    649 |   6070 |  11 |  823.8 |
       Dungeon |   8488 |   7851 |    637 |    485 |   5871 |   9 |  943.1 |
        Temple |      1 |      1 |      0 |      0 |      0 |   1 |    1.0 |
         Sewer |    571 |    571 |      0 |    164 |    199 |   1 |  571.0 |
               +--------+--------+--------+--------+--------+-----+--------+

Top non-repeatable levels by time:
     D:5: 1575 daAuts
     D:4: 1151 daAuts
     D:1: 1030 daAuts
     D:6: 1000 daAuts
     D:2: 818 daAuts
     D:7: 814 daAuts
     D:8: 809 daAuts
     D:9: 733 daAuts
   Sewer: 571 daAuts
     D:3: 555 daAuts
  Temple: 1 daAuts
